AoeStats
← Picador Criminal Mutilador

Fortress

509253861Analyzed
4v4 RM · 7d ago on Sep 26, 2026· 74m 28s· 8 players
Game mode
Random Map
Map size
Huge
Population
200
Speed
Normal
Resources
Standard
Victory
Conquest
Starting age
Dark Age
Ending age
Imperial Age
RankedLock teamsTeams togetherTeam positionsShared explorationLock speedFull tech treeHidden civsTurbo modeCheats
Victory
Defeat
1088
+18
🇲🇽 Khmer · Mexico
1073
+18
🇲🇽 Franks · Mexico
1028
+20
🇲🇽 Dravidians · Mexico
1017
+20
🇨🇳 Spanish · China
1150
-20
🇲🇽 Mongols · Mexico
1144
-20
🇲🇽 Chinese · Mexico
1099
-18
🇺🇸 Varangians · United States
1094
-18
[GDL]Dunitrid
8:37 Feudal Age
12:52 Castle Age
11:12 Gold Mining
11:08 Double-Bit Axe
11:16 Horse Collar
13:34 Wheelbarrow
12:46 Loom
17:18 Town Watch
24:28 Bow Saw
28:45 Imperial Age
26:48 Fletching
27:17 Caravan
28:05 Bodkin Arrow
30:16 Gold Shaft Mining
29:31 Stone Mining
31:05 Conscription
30:49 Bracer
30:50 Padded Archer Armor
30:55 Scale Barding Armor
30:51 Scale Mail Armor
31:01 Forging
31:00 Great Wall
31:43 Hand Cart
34:21 Chemistry
33:31 Masonry
33:42 Ballistics
33:40 Leather Archer Armor
33:46 Chain Barding Armor
34:32 Town Patrol
35:10 Iron Casting
34:33 Murder Holes
34:49 Fortified Wall
34:28 Heavy Rocket Cart
36:36 Thumb Ring
35:52 Crossbowman
37:05 Ring Archer Armor
37:10 Plate Barding Armor
36:51 Chain Mail Armor
39:38 Blast Furnace
38:57 Heavy Scorpion
41:06 Light Cavalry
41:57 Bloodlines
41:47 Husbandry
41:08 Cavalier
48:26 Plate Mail Armor
49:21 Elite Chu Ko Nu
51:13 Architecture
59:15 Pikeman
59:55 Squires
59:16 Man-at-Arms
62:36 Heavy Plow
65:21 Coinage
VadersSon2004
7:37 Feudal Age
9:13 Horse Collar
9:25 Double-Bit Axe
12:07 Castle Age
15:05 Wheelbarrow
14:59 Bow Saw
16:22 Heavy Plow
16:22 Loom
16:48 Gold Mining
17:43 Stone Mining
18:21 Town Watch
19:27 Scale Barding Armor
20:30 Forging
22:12 Stone Shaft Mining
21:55 Bloodlines
21:45 Husbandry
26:23 Imperial Age
24:34 Chain Barding Armor
25:46 Iron Casting
26:08 Hand Cart
26:26 Fletching
27:44 Plate Barding Armor
27:31 Conscription
28:32 Two-Man Saw
28:37 Town Patrol
29:45 Blast Furnace
28:41 Bodkin Arrow
29:01 Elite Jarl
30:53 Vendel Legacy
33:42 Cavalier
34:27 Treadmill Crane
34:59 Fortified Wall
34:53 Herbal Medicine
39:23 Bracer
39:45 Ballistics
40:25 Chemistry
39:37 Masonry
43:28 Caravan
46:07 Crop Rotation
46:42 Guilds
58:28 Elite Varangian Guard
58:54 Arson
59:09 Squires
59:13 Scale Mail Armor
59:59 Gambesons
62:01 Architecture
61:27 Murder Holes
61:40 Siege Engineers
61:06 Gothikon
61:17 Pikeman
62:11 Halberdier
63:27 Chain Mail Armor
65:32 Plate Mail Armor
64:50 Onager
SeañeZ
7:19 Feudal Age
11:34 Castle Age
9:28 Double-Bit Axe
10:10 Horse Collar
12:31 Heavy Plow
12:47 Bow Saw
18:27 Wheelbarrow
18:51 Gold Mining
19:54 Stone Mining
20:49 Gold Shaft Mining
20:23 Fletching
20:34 Padded Archer Armor
27:41 Imperial Age
26:51 Ballistics
26:35 Bodkin Arrow
26:55 Leather Archer Armor
27:02 Bloodlines
26:52 Husbandry
27:32 Hand Cart
28:32 Loom
28:32 Elite Mangudai
29:23 Capped Ram
30:31 Drill
30:32 Conscription
31:01 Parthian Tactics
30:47 Bracer
32:34 Chemistry
31:32 Siege Ram
39:29 Hoardings
48:42 Caravan
71:23 Forging
71:15 Scale Mail Armor
70:39 Pikeman
71:25 Squires
71:52 Fortified Wall
菜鸟不是菜
9:19 Feudal Age
10:35 Double-Bit Axe
12:56 Castle Age
14:10 Fletching
14:23 Padded Archer Armor
14:31 Gold Mining
16:48 Leather Archer Armor
21:57 Bodkin Arrow
26:26 Imperial Age
27:55 Bracer
28:27 Ring Archer Armor
35:18 Ballistics
36:01 Chemistry
38:07 Onager
42:07 Elite Conquistador
48:57 Caravan
52:23 Wheelbarrow
51:48 Horse Collar
52:28 Stone Mining
52:58 Bow Saw
60:59 Masonry
61:00 Husbandry
60:20 Cavalier
61:11 Bloodlines
60:22 Light Cavalry
61:16 Forging
61:11 Scale Barding Armor
62:37 Iron Casting
65:46 Chain Barding Armor
66:27 Blast Furnace
70:03 Plate Barding Armor
70:50 Hussar
Picador Criminal Mutilador
7:19 Feudal Age
11:20 Castle Age
9:28 Double-Bit Axe
9:40 Horse Collar
10:02 Loom
23:35 Caravan
24:31 Bow Saw
24:34 Heavy Plow
27:17 Imperial Age
25:36 Wheelbarrow
24:53 Town Watch
25:51 Town Patrol
26:29 Bloodlines
26:19 Husbandry
26:31 Forging
26:26 Scale Barding Armor
26:55 Hand Cart
27:21 Scale Barding Armor
28:03 Iron Casting
28:41 Chain Barding Armor
29:09 Conscription
29:25 Elite War Elephant
31:20 Blast Furnace
31:29 Plate Barding Armor
31:46 Masonry
33:36 Ballistics
34:17 Chemistry
33:13 Murder Holes
34:19 Crop Rotation
34:42 Architecture
34:08 Fletching
35:06 Bodkin Arrow
34:33 Light Cavalry
34:36 Pikeman
35:16 Squires
35:01 Gambesons
35:17 Squires
35:02 Arson
35:31 Gold Mining
35:31 Stone Mining
36:18 Devotion
37:09 Coinage
36:49 Guilds
36:20 Hussar
37:59 Kamandaran
38:22 Padded Archer Armor
38:23 Scale Mail Armor
40:11 Two-Man Saw
39:48 Gold Shaft Mining
39:51 Stone Shaft Mining
40:28 Banking
41:33 Hoardings
41:10 Citadels
47:04 Chain Mail Armor
49:52 Sappers
53:03 Plate Mail Armor
52:48 Leather Archer Armor
52:46 Halberdier
55:35 Cavalier
62:23 Savar
63:11 Thumb Ring
62:28 Crossbowman
63:26 Elite Skirmisher
67:37 Guard Tower
72:48 Heavy Camel Rider
72:50 Man-at-Arms
72:55 Heavy Cavalry Archer
74:01 Parthian Tactics
73:53 Careening
73:53 Clinker Construction
73:34 Heated Shot
73:49 Siphons
74:08 Faith
Black Mamba
6:47 Feudal Age
9:24 Double-Bit Axe
12:01 Castle Age
10:42 Horse Collar
13:45 Bow Saw
13:44 Loom
15:58 Town Watch
20:25 Wheelbarrow
23:26 Ballistics
30:24 Husbandry
30:35 Bloodlines
30:29 Husbandry
29:50 Light Cavalry
31:19 Scale Barding Armor
35:38 Heavy Plow
35:58 Hand Cart
36:26 Forging
36:52 Chain Barding Armor
36:45 Forging
38:38 Pikeman
45:57 Imperial Age
47:02 Double Crossbow
48:04 Halberdier
49:28 Heavy Scorpion
53:49 Capped Ram
58:30 Chemistry
57:36 Siege Engineers
62:13 Caravan
66:14 Coinage
68:01 Conscription
67:47 Double Crossbow
68:09 Conscription
69:07 Siege Ram
Kuriboh
0:30 Loom
8:34 Feudal Age
9:47 Horse Collar
16:54 Castle Age
19:42 Wheelbarrow
23:45 Imperial Age
21:49 Double-Bit Axe
22:08 Heavy Plow
24:52 Bow Saw
25:13 Conscription
27:23 Chemistry
26:19 Gold Mining
26:19 Stone Mining
28:23 Fortified Wall
29:53 Town Watch
31:07 Ballistics
30:39 Elite Urumi Swordsman
32:08 Forging
33:52 Two-Man Saw
33:57 Heavy Scorpion
35:48 Hand Cart
42:01 Scale Barding Armor
42:32 Iron Casting
42:00 Husbandry
41:21 Light Cavalry
43:07 Scale Mail Armor
43:28 Chain Barding Armor
43:20 Medical Corps
47:41 Caravan
56:02 Chain Mail Armor
72:07 Blast Furnace
71:00 Fletching
Pinhead Larry
0:29 Loom
7:01 Feudal Age
11:47 Castle Age
10:38 Double-Bit Axe
11:48 Stone Mining
16:29 Fervor
19:47 Scale Barding Armor
20:26 Forging
23:04 Husbandry
28:01 Imperial Age
27:10 Iron Casting
26:57 Chain Barding Armor
26:28 Fletching
27:33 Wheelbarrow
26:43 Town Watch
27:10 Bow Saw
28:54 Chivalry
29:05 Caravan
30:05 Conscription
29:08 Cavalier
30:22 Hand Cart
30:07 Town Patrol
32:01 Murder Holes
32:20 Fortified Wall
32:24 Town Patrol
33:07 Ballistics
32:39 Arson
33:33 Plate Barding Armor
34:43 Paladin
36:10 Coinage
37:37 Chemistry
36:49 Masonry
38:05 Blast Furnace
38:49 Gold Mining
39:19 Siege Engineers
43:02 Squires
43:17 Gambesons
42:53 Pikeman
44:08 Halberdier
46:21 Bodkin Arrow
46:26 Padded Archer Armor
46:27 Scale Mail Armor
45:55 Light Cavalry
47:30 Elite Skirmisher
49:47 Elite Throwing Axeman
49:51 Ordonnance Companies
51:11 Chain Mail Armor
51:55 Banking
66:29 Capped Ram
Connection lost

Rejoining the realm…

Still unreachable

The connection could not be restored.

Session expired

The server has moved on; the page needs a fresh start.